 Dungeon Sprint DCSS version 0.18-a0-119-g02a7081 (webtiles) character file.

2100000 hexophile the Axe Maniac (level 16, -33/183 HPs)
             Began as a Ghoul Warper on Nov 19, 2015.
             Was a Priest of Makhleb.
             Killed from afar by a large bag of meat (36 damage)
             ... with an exploding inner flame
             ... in the Dungeon (Sprint VIII: "Arena of Blood").
             The game lasted 00:00:47 (21 turns).

hexophile the Axe Maniac (Ghoul Warper)               Turns: 21, Time: 00:00:48

Health: -33/183    AC:  4    Str: 17    XL:     16   Next: 41%
Magic:  15/26      EV: 14    Int: 13    God:    Makhleb [***...]
Gold:   0          SH:  0    Dex:  8    Spells: 1 memorised, 28 levels left

rFire  . . .     SeeInvis .     k - +∞ Axe of Woe
rCold  + . .     Clarity  .     a - +0 leather armour
rNeg   + + +     SustAt   .     (shield currently unavailable)
rPois  ∞         Gourm    .     (no helmet)
rElec  .         Spirit   .     (no cloak)
rCorr  .         Warding  .     (no gloves)
rMut   .         NoTele   +     (no boots)
MR     +....                    (no amulet)
Stlth  ++++......               (no ring)
                                (no ring)

@: rotting, somewhat resistant to hostile enchantments, stealthy
A: rotting body, claws 1, carnivore 3, cold resistance 1, negative energy
resistance 3, slow regeneration 1, torment resistance, unbreathing
a: Minor Destruction, Lesser Servant of Makhleb, Renounce Religion


You were in the Dungeon.
You worshipped Makhleb.
Makhleb was most pleased with you.
You were not hungry.

You visited 1 branch


Innate Abilities, Weirdness & Mutations

Your body is rotting away.
You thrive on raw meat.
You are immune to poison.
You have sharp fingernails.
You are carnivorous and can eat meat at any time.
Your flesh is cold resistant.
You are immune to negative energy.
You regenerate slowly when monsters are visible.
You are immune to unholy pain and torment.
You can survive without breathing.

Inventory:

Hand Weapons
 k - the +∞ Axe of Woe (weapon)
   (You found it in the Dungeon)
Missiles
 d - 5 tomahawks of dispersal (quivered)
Armour
 a - a +0 leather armour (worn)
Scrolls
 c - 2 scrolls of blinking
Potions
 f - a potion of curing
 g - a potion of heal wounds
 h - a potion of haste
 i - 2 potions of magic
 j - a potion of berserk rage
Books
 b - a book of Spatial Translocations

   Spells                             Type                      Level
   a - Apportation                    Translocation                1
   b - Blink                          Translocation                2
   c - Shroud of Golubria             Charms/Translocation         2
   d - Portal Projectile              Translocation                3
   e - Teleport Other                 Translocation                3
   f - Passage of Golubria            Translocation                4
Comestibles
 e - a meat ration


You had 28 spell levels left.
You knew the following spells:

 Your Spells              Type           Power        Failure   Level  Hunger
z - Apportation           Tloc           ####......   1%          1    None


   Skills:
 O Level 27 Fighting
 O Level 27 Axes
 + Level 8.0 Throwing
 + Level 7.9 Armour
 + Level 8.1 Dodging
 + Level 10.2 Stealth
 + Level 9.7 Unarmed Combat
 + Level 7.4 Spellcasting
 + Level 8.4 Translocations
 + Level 9.4 Invocations

Dungeon Overview and Level Annotations

Branches:
Dungeon (1/1)

Altars:
Makhleb

Vault maps used:
D:        meatsprint
You       could see a destroyer, 2 large bags of meat, 10 meat berserkers and 16
          bags of meat.


Message History

Your Translocations skill gained 2 levels and is now at level 6!
Your Invocations skill gained 3 levels and is now at level 7!
You have reached level 16!
You hit the bag of meat.
You fatally mangle the bag of meat.
You kill the bag of meat!
Makhleb accepts your kill.
Your Throwing skill gained 2 levels and is now at level 8!
Your Armour skill increases to level 7!
Your Dodging skill gained 2 levels and is now at level 8!
Your Stealth skill gained 3 levels and is now at level 10!
Your Unarmed Combat skill gained 2 levels and is now at level 9!
Your Spellcasting skill gained 2 levels and is now at level 7!
Your Translocations skill gained 2 levels and is now at level 8!
Your Invocations skill gained 2 levels and is now at level 9!
You hear a shout! x5
A bag of meat comes into view. It is wielding a +9 war axe.
You got additional 26 HP.
Restored 102 HP.
You have now: 174/183 HP.
Unknown command.
Unknown command.
Unknown command.
You hear a shout! x5
The meat berserker hits you with a +9 battleaxe.
You hear a shout! x2
The destroyer blinks!
You hear a shout!
The large bag of meat appears out of thin air!
A large bag of meat comes into view. It is wielding a +9 giant spiked club.
The bag of meat hits you with a +9 war axe!
You hear a shout!
The meat berserker rages.
The bag of meat hits you with a +9 war axe!!
You hear a shout! x4
The meat berserker hits you with a +9 battleaxe!!!
* * * LOW HITPOINT WARNING * * *
The large bag of meat hits you with a +9 giant spiked club!!!
* * * LOW HITPOINT WARNING * * *
The large bag of meat shouts!
A bag of meat comes into view. It is wielding a +9 war axe.
Things that are here:
a +9 war axe; a +30 ring of slaying !MASSIVE DAMAGE!
YOU LOST 171 HP!
You have now: 3/183 HP.
Unknown command.
The bag of meat shouts!
You hit the large bag of meat.
You fatally mangle the large bag of meat.
The large bag of meat explodes!
The fiery explosion engulfs the meat berserker. x2
The fiery explosion engulfs you!
You die...

Action                   |  1- 3 |  4- 6 |  7- 9 | 10-12 | 13-15 | 16-18 || total
-------------------------+-------+-------+-------+-------+-------+-------++-------
Melee: Executioner's axe |     1 |       |       |     1 |     3 |     1 ||     6

Notes
Turn   | Place    | Note
--------------------------------------------------------------
     0 | D        | hexophile the Ghoul Warper began the quest for the Orb.
     0 | D        | Reached XP level 1. HP: 17/17 MP: 2/2
     3 | D        | Noticed a bag of meat
     4 | D        | Became a worshipper of Makhleb the Destroyer
     5 | D        | Noticed a bag of meat
     6 | D        | Noticed a bag of meat
     7 | D        | Noticed a bag of meat
     8 | D        | Killed a bag of meat
     8 | D        | Reached skill level 17 in Fighting
     8 | D        | Reached skill level 20 in Axes
     8 | D        | Reached XP level 2. HP: 19/52 MP: 3/3
     8 | D        | Reached XP level 3. HP: 21/59 MP: 4/4
     8 | D        | Reached XP level 4. HP: 24/68 MP: 5/5
     8 | D        | Reached XP level 5. HP: 26/74 MP: 6/6
     8 | D        | Reached XP level 6. HP: 28/82 MP: 7/7
     8 | D        | Reached XP level 7. HP: 30/89 MP: 8/8
     8 | D        | Reached XP level 8. HP: 32/97 MP: 9/9
     8 | D        | Reached XP level 9. HP: 34/104 MP: 10/10
     8 | D        | Reached XP level 10. HP: 36/112 MP: 11/11
     8 | D        | Reached XP level 11. HP: 37/118 MP: 12/12
     8 | D        | Reached XP level 12. HP: 39/127 MP: 13/13
     9 | D        | Noticed a bag of meat
     9 | D        | Noticed a bag of meat
     9 | D        | Noticed a bag of meat
     9 | D        | Killed a bag of meat
     9 | D        | Reached * piety under Makhleb
     9 | D        | Reached skill level 20 in Fighting
     9 | D        | Reached skill level 23 in Axes
     9 | D        | Reached XP level 13. HP: 24/139 MP: 14/14
    10 | D        | Noticed a bag of meat
    10 | D        | Killed a bag of meat
    10 | D        | Reached skill level 21 in Fighting
    10 | D        | Reached skill level 25 in Axes
    10 | D        | Reached XP level 14. HP: 70/152 MP: 15/15
    11 | D        | Noticed a bag of meat
    12 | D        | Noticed a bag of meat
    13 | D        | Noticed a meat berserker
    13 | D        | Noticed a meat berserker
    13 | D        | Noticed a meat berserker
    14 | D        | Noticed a bag of meat
    15 | D        | Noticed a bag of meat
    15 | D        | Noticed a bag of meat
    15 | D        | Noticed a bag of meat
    15 | D        | Noticed a bag of meat
    15 | D        | Noticed a large bag of meat
    15 | D        | Noticed a bag of meat
    16 | D        | Noticed a bag of meat
    16 | D        | Noticed a bag of meat
    16 | D        | Noticed a meat berserker
    16 | D        | Noticed a meat berserker
    16 | D        | Noticed a meat berserker
    16 | D        | Noticed a meat berserker
    16 | D        | Noticed a bag of meat
    17 | D        | Noticed a meat berserker
    17 | D        | Noticed a bag of meat
    17 | D        | Noticed a bag of meat
    17 | D        | Noticed a destroyer
    17 | D        | Noticed a large bag of meat
    17 | D        | Noticed a meat berserker
    18 | D        | Noticed a meat berserker
    18 | D        | Noticed a meat berserker
    18 | D        | Noticed a bag of meat
    18 | D        | Noticed a bag of meat
    18 | D        | Killed a bag of meat
    18 | D        | Reached ** piety under Makhleb
    18 | D        | Reached skill level 23 in Fighting
    18 | D        | Reached skill level 26 in Axes
    19 | D        | Killed a meat berserker
    19 | D        | Reached skill level 27 in Fighting
    19 | D        | Reached skill level 27 in Axes
    19 | D        | Reached skill level 3 in Throwing
    19 | D        | Reached skill level 3 in Armour
    19 | D        | Reached skill level 4 in Dodging
    19 | D        | Reached skill level 4 in Stealth
    19 | D        | Reached skill level 5 in Unarmed Combat
    19 | D        | Reached skill level 3 in Spellcasting
    19 | D        | Reached skill level 4 in Translocations
    19 | D        | Reached skill level 4 in Invocations
    19 | D        | Reached XP level 15. HP: 127/174 MP: 15/19
    19 | D        | Killed a bag of meat
    19 | D        | Reached *** piety under Makhleb
    19 | D        | Reached skill level 6 in Throwing
    19 | D        | Reached skill level 6 in Armour
    19 | D        | Reached skill level 6 in Dodging
    19 | D        | Reached skill level 7 in Stealth
    19 | D        | Reached skill level 7 in Unarmed Combat
    19 | D        | Reached skill level 5 in Spellcasting
    19 | D        | Reached skill level 6 in Translocations
    19 | D        | Reached skill level 7 in Invocations
    19 | D        | Reached XP level 16. HP: 174/183 MP: 15/23
    19 | D        | Killed a bag of meat
    19 | D        | Reached skill level 8 in Throwing
    19 | D        | Reached skill level 7 in Armour
    19 | D        | Reached skill level 8 in Dodging
    19 | D        | Reached skill level 10 in Stealth
    19 | D        | Reached skill level 9 in Unarmed Combat
    19 | D        | Reached skill level 7 in Spellcasting
    19 | D        | Reached skill level 8 in Translocations
    19 | D        | Reached skill level 9 in Invocations
    20 | D        | Noticed a bag of meat
    20 | D        | HP: 3/183 [large bag of meat/+9 giant spiked club (69)]
    20 | D        | Noticed a large bag of meat
    21 | D        | Noticed a bag of meat
    21 | D        | Killed a large bag of meat
    21 | D        | Killed from afar by a large bag of meat

Table legend:
 A = Turns spent in this place as a percentage of turns spent in the entire game.
 B = Non-inter-level travel turns spent in this place as a percentage of non-inter-level travel turns spent in the entire game.
 C = Inter-level travel turns spent in this place as a percentage of turns spent in this place.
 D = Turns resting spent in this place as a percentage of non-inter-level travel turns spent in this place.
 E = Turns spent auto-exploring this place as a percentage of non-inter-level travel turns spent in this place.
 F = Non-inter-level travel turns spent in this place divided by the number of levels of this place that you've seen.
                   A       B       C       D       E      F
               +-------+-------+-------+-------+-------+----------------------
         Total | 100.0 | 100.0 |   0.0 |   0.0 |   0.0 |  41.0
       Dungeon | 100.0 | 100.0 |   0.0 |   0.0 |   0.0 |  41.0
               +-------+-------+-------+-------+-------+----------------------

Table legend:
 A = Kills in this place as a percentage of kills in entire the game.
 B = Kills by you in this place as a percentage of kills by you in the entire game.
 C = Kills by friends in this place as a percentage of kills by friends in the entire game.
 D = Other kills in this place as a percentage of other kills in the entire game.
 E = Experience gained in this place as a percentage of experience gained in the entire game.
 F = Experience gained in this place divided by the number of levels of this place that you have seen.
                   A       B       C       D       E      F
               +-------+-------+-------+-------+-------+----------------------
         Total | 100.0 | 100.0 |  -nan |  -nan | 100.0 | 150800.0
       Dungeon | 100.0 | 100.0 |  -nan |  -nan | 100.0 | 150800.0
               +-------+-------+-------+-------+-------+----------------------

Vanquished Creatures
  An ogre (D)
  6 orcs (D)
7 creatures vanquished.
